 Dungeon Crawl Stone Soup version 0.31-a0-4-gefa6de2278 (webtiles) character file.

Game seed: 5860420896313741888

268 Dadi the Trooper (level 6, 0/41 HPs)
             Began as a Gargoyle Monk on May 4, 2023.
             Slain by a steam dragon (2 damage)
             ... on level 4 of the Dungeon.
             The game lasted 00:05:31 (2872 turns).

Dadi the Trooper (Gargoyle Monk)                    Turns: 2872, Time: 00:05:31

Health: 0/41       AC: 11    Str: 17    XL:     6   Next: 21%
Magic:  6/6        EV: 12    Int: 10    God:
Gold:   125        SH:  0    Dex: 12    Spells: 5/5 levels left

rFire   . . .        u - +0 flail
rCold   . . .        d - orb {light}
rNeg    + . .        x - +3 leather armour
rPois   ∞            (no helmet)
rElec   +            (no cloak)
rCorr   .            p - +0 pair of gloves
SInv    .            (no boots)
Will    .....        h - amulet of the acrobat
Stlth   +            (no ring)
HPRegen 0.26/turn    (no ring)
MPRegen 0.10/turn

%: acrobat
@: glowing
A: sickness immunity, AC +4, negative energy resistance 1, electricity
resistance, torment resistance 1, petrification resistance
a: no special abilities


You were on level 4 of the Dungeon.
You visited 1 branch of the dungeon, and saw 4 of its levels.

You collected 125 gold pieces.

Inventory:

Hand Weapons
 a - a +0 mace
 l - a +0 mace of holy wrath
 u - a +0 flail (weapon)
Armour
 b - a +0 robe
 d - an orb of light (worn)
 p - a +0 pair of gloves (worn)
 s - a +0 ring mail
 x - a +3 leather armour (worn)
Jewellery
 h - an amulet of the acrobat (around neck)
Scrolls
 e - 2 scrolls of enchant armour {unknown}
 k - a scroll of noise {unknown}
 m - a scroll of poison {unknown}
 n - 4 scrolls of identify {unknown}
 q - 2 scrolls of teleportation {unknown}
 t - a scroll of blinking {unknown}
 w - a scroll of amnesia {unknown}
 y - a scroll of magic mapping {unknown}
Potions
 c - a potion of ambrosia
 f - a potion of experience {unknown}
 g - 2 potions of haste {unknown}
 i - 2 potions of flight {unknown}
 j - a potion of curing {unknown}
 o - 2 potions of degeneration {unknown}
 r - a potion of magic {unknown}
 v - a potion of cancellation {unknown}


   Skills:
 + Level 5.7 Fighting
 + Level 5.2 Maces & Flails
 - Level 2.4 Dodging


You had 5 spell levels left.
You didn't know any spells.
Your spell library contained the following spells:

 Spells                   Type           Power      Damage    Failure   Level
 Magic Dart               Conj           0%         1d3       43%         1
 Call Imp                 Summ           0%         N/A       56%         2
 Mephitic Cloud           Conj/Pois/Air  0%         N/A       80%         3
 Vhi's Electric Charge    Tloc/Air       0%         N/A       80%         3
 Arcjolt                  Conj/Air       0%         1d10      100%        5
 Plasma Beam              Fire/Air       0%         2x1d11    100%        6


Dungeon Overview and Level Annotations

Branches:
Dungeon (4/15)
 Temple: D:4-7

Altars:
Ru
Sif Muna

Shops:
D:2 *


Innate Abilities, Weirdness & Mutations

You are immune to sickness and miasma.
Your stone body is resilient. (AC +4)
You are immune to poison.
You resist negative energy. (rN+)
You are resistant to electric shocks. (rElec)
You are resistant to unholy torment.
You are immune to petrification.


Message History

You kill the dart slug!
No target in view!
No target in view!
No target in view!
No target in view!
No target in view!
No target in view!
n - 4 scrolls labelled PAOXARPH DAF XAJI (gained 1)
A steam dragon comes into view.
The steam dragon hisses angrily.
A goblin comes into view. It is wielding a +0 club.
The goblin shouts!
The steam dragon breathes steam at you. The ball of steam hits you!
You hear an angry hiss.
No reachable target in view!
You are engulfed in a cloud of scalding steam.
The steam dragon closely misses you. The steam dragon claws you.
You barely miss the steam dragon.
You are engulfed in a cloud of scalding steam.
* * * LOW HITPOINT WARNING * * *
The steam dragon bites you but does no damage.
The steam dragon closely misses you.
You hit the steam dragon.
The steam dragon is moderately wounded.
You are engulfed in a cloud of scalding steam.
* * * LOW HITPOINT WARNING * * *
The steam dragon misses you. The steam dragon barely misses you.
You hit the steam dragon but do no damage.
The steam dragon is moderately wounded.
You are engulfed in a cloud of scalding steam.
The steam dragon bites you.
* * * LOW HITPOINT WARNING * * *
The steam dragon claws you but does no damage.
You sock the steam dragon!
The steam dragon is heavily wounded.
The steam dragon bites you!
* * * LOW HITPOINT WARNING * * *
The steam dragon claws you.
You die...

#......#.#.#.# ###........#
#......#...#.###....#.#####
#.>.o.o#.###.##..##...#
#...{..### ........###
#....... .######.# #.##.#
#....# #.#### #@# #D# #g#
#.# #.# ..# ..# ..#


You could see a steam dragon and a goblin.

Vanquished Creatures
  An ice beast (D:3)
  A hound (D:4)
  An orc wizard (D:4)
  4 gnolls (D:3)
  A dart slug (D:4)
  12 orcs
  4 endoplasms (D:1)
  2 giant cockroaches
  4 hobgoblins
  6 jackals
  A quokka (D:1)
  3 ball pythons
  5 bats
  2 frilled lizards (D:1)
  9 goblins
  6 kobolds
  6 rats
68 creatures vanquished.

Vanquished Creatures (others)
  3 plants (D:2)
3 creatures vanquished.

Grand Total: 71 creatures vanquished

Notes
Turn   | Place    | Note
-------+----------+-------------------------------------------
     0 | D:1      | Dadi the Gargoyle Monk began the quest for the Orb.
     0 | D:1      | Reached XP level 1. HP: 14/14 MP: 1/1
    88 | D:1      | Reached XP level 2. HP: 8/19 MP: 2/2
   392 | D:1      | Found a faded altar of an unknown god.
   542 | D:1      | Reached XP level 3. HP: 24/24 MP: 3/3
  1241 | D:2      | Found a sacrificial altar of Ru.
  1387 | D:2      | Found Inwyngaq's General Store.
  1741 | D:3      | Found a shimmering blue altar of Sif Muna.
  1983 | D:3      | Reached XP level 4. HP: 30/30 MP: 4/4
  2353 | D:3      | Noticed an ice beast
  2405 | D:3      | Killed an ice beast
  2406 | D:3      | Reached skill level 5 in Fighting
  2406 | D:3      | Reached XP level 5. HP: 27/35 MP: 5/5
  2651 | D:4      | Reached skill level 5 in Maces & Flails
  2663 | D:4      | Reached XP level 6. HP: 39/40 MP: 6/6
  2866 | D:4      | Noticed a steam dragon
  2872 | D:4      | HP: 2/41 [steam dragon (7)]
  2872 | D:4      | Slain by a steam dragon

Illustrated notes

Levels and vault maps discovered:
D:1:      minmay_arrival_three_doors, layout_loops_corners,
          chequers_ecumenical_altar_twisty
D:2:      layout_basic, serial_shops,
          nicolae_shop_temple_entry_statues_fountains, basic_altar,
          serial_bayou_lagoon_a
D:3:      layout_basic, mainiacjoe_overflow_tiny_flanked
D:4:      layout_basic, ebering_dispersal_statue_hall, hex_intersection

Skill      XL: |  1  2  3  4  5 |
---------------+----------------+-----
Fighting       | 4 5 |  5.7
Maces & Flails | 4 5 |  5.2
Dodging        | |  2.4

Action                     |  1- 3 |  4- 6 || total
---------------------------+-------+-------++-------
  Melee: Mace              |   121 |       ||   121
         Flail             |     4 |    69 ||    73
 Armour: Robe              |    30 |       ||    30
         Ring mail         |     4 |     4 ||     8
         Leather armour    |       |    22 ||    22
  Dodge: Dodged            |    89 |    64 ||   153

Table legend: (Time is in decaauts)
 A = Elapsed time spent in this place.
 B = Non-inter-level travel time spent in this place.
 C = Inter-level travel time spent in this place.
 D = Time resting spent in this place.
 E = Time spent auto-exploring this place.
 F = Levels seen in this place.
 G = Mean time per level.
                   A        B        C        D        E       F      G
               +--------+--------+--------+--------+--------+-----+--------+
         Total |   2921 |   2766 |    155 |    300 |   1827 |   4 |  730.2 |
       Dungeon |   2921 |   2766 |    155 |    300 |   1827 |   4 |  730.2 |
               +--------+--------+--------+--------+--------+-----+--------+

Top non-repeatable levels by time:
     D:1: 1139 daAuts
     D:3: 902 daAuts
     D:2: 635 daAuts
     D:4: 243 daAuts
